[Event "Open Nuevo Centro. Jornada 2"]
[Site "Chess.com"]
[Date "2020.06.26"]
[Round "3"]
[White "García Giménez, Santiago"]
[Black "Sanchez Saez, Francisco"]
[Result "0-1"]
[WhiteElo "1884"]
[BlackElo "2290"]
[TimeControl "180+2"]
[EndTime "10:59:57 PDT"]
[Termination "Victoria de Pacman1995 por abandono"]

1. e4 c5 2. Nf3 d6 3. Bb5+ Nd7 4. O-O a6 5. Be2 Ngf6 6. Nc3 e5 7. a4 b6 8. Re1 g6 9. Bc4 Bg7 10. d3 O-O 11. Bg5 h6 12. Bh4 g5 13. Bg3 Nh5 14. Qb1 Nf4 15. Qa2 Nf6 16. Qb3 Bg4 17. Nd2 Ne6 18.
Bxe6 Bxe6 19. Nc4 Rb8 20. Nd5 Nxd5 21. exd5 Bxd5 22. Qa3 Bxc4 23. dxc4 f5 24. Rad1 f4 0

[Event "Open Nuevo Centro. Jornada 2"]
[Site "Chess.com"]
[Date "2020.06.26"]
[Round "3"]
[White "Kovacevic, Slobodan"]
[Black "Roca Cruz, Rafael"]
[Result "1-0"]
[WhiteElo "2112"]
[BlackElo "1728"]
[TimeControl "180+2"]
[EndTime "10:59:59 PDT"]
[Termination "Victoria de nikko110 por abandono"]

1. e3 c5 2. c4 e6 3. b3 Nf6 4. Bb2 Be7 5. Nf3 O-O 6. Be2 d6 7.
O-O Nc6 8. d3 b6 9. Nbd2 Bb7 10.
Rc1 Nd7 11. Qc2 Bf6 12. a3 Bxb2 13. Qxb2 Qf6 14. Qb1 Nce5 15. b4 Rab8 16. d4 Nxf3+ 17. Nxf3 Bxf3 18. Bxf3 cxd4 19. exd4 Qxd4 20. Qc2 Ne5 21.
Be2 Rfd8 22. Rfd1 Qh4 23. Qc3 Ng4 24. Bxg4 Qxg4 25. Rd4 Qg5 26. Rcd1 Qe7 27. Qd3 Kf8 28. g3 Rbc8 29. Qxh7 Qf6 30. Rxd6 Rxd6 31. Rxd6 Qa1+ 32. Kg2 Qb1 33. Qxb1 1

[Event "Open Nuevo Centro. Jornada 2"]
[Site "Chess.com"]
[Date "2020.06.26"]
[Round "3"]
[White "Randazzo, Adrián"]
[Black "Vega Gutiérrez, Sabrina"]
[Result "1-0"]
[WhiteElo "2469"]
[BlackElo "2022"]
[TimeControl "180+2"]
[EndTime "11:00:20 PDT"]
[Termination "Victoria de Nikithebest por jaque mate"]

1. e4 c5 2. Nf3 Nc6 3. Bb5 Nf6 4. Nc3 Qc7 5. O-O Nd4 6. Re1 a6 7. Bf1 Ng4 8. e5 Nxf3+ 9. Qxf3 Nxe5 10. Qg3 d6 11. f4 Nc6 12. Nd5 Qd8 13. b3 Be6 14.
Ne3 Nd4 15. c3 Nf5 16. Nxf5 Bxf5 17. Bb2 d5 18. Qf3 Qd7 19. h3 g6 20. c4 d4 21. g4 Be6 22. Bg2 O-O-O 23. Re5 Bg7 24. Rxc5+ Kb8 25. f5 gxf5 26. gxf5 Rhg8 27. fxe6 fxe6 28.
Kh1 Bf6 29. b4 Ka7 30. b5 Rb8 31. Ba3 b6 32. Rc6 axb5 33. cxb5 Be5 34. Bc5 Rxg2 35. Qa3+ Kb7 36. Qa6# 1

[Event "Open Nuevo Centro. Jornada 2"]
[Site "Chess.com"]
[Date "2020.06.26"]
[Round "3"]
[White "Macias Pino, Diego"]
[Black "García Oviedo, Alejandro"]
[Result "1-0"]
[WhiteElo "2205"]
[BlackElo "1847"]
[TimeControl "180+2"]
[EndTime "11:00:27 PDT"]
[Termination "Victoria de jesuimafe por jaque mate"]

1. e4 d5 2. exd5 Qxd5 3. Nc3 Qa5 4. d4 Nf6 5. Bc4 Bf5 6. Nf3 e6 7. Ne5 Nbd7 8. f4 Nxe5 9. fxe5 Ne4 10. Bd2 Nxd2 11.
Qxd2 Bb4 12. O-O O-O-O 13. Kh1 Bg6 14. a3 Bxc3 15. bxc3 Qxe5 16. Rab1 Qe4 17. Bd3 Qc6 18. Rb4 Bxd3 19. cxd3 f6 20. Rfb1 b6 21. a4 a5 22.
Rb5 Rd5 23. R5b4 Rg5 24. Rb5 Rxb5 25. Rxb5 Rd8 26. h3 Rd5 27. Rb4 Rf5 28. Rb1 Qxa4 29.
Qe2 Kd7 30. c4 Qc6 31. Re1 Rf4 32. d5 Qd6 33. dxe6+ Ke7 34. Qh5 Qb4 35. Qf7+ Kd6 36. Qd7+ Kc5 37. Qd5# 1

[Event "Open Nuevo Centro. Jornada 2"]
[Site "Chess.com"]
[Date "2020.06.26"]
[Round "3"]
[White "Colomer Martinez, Isabel"]
[Black "Cayon Pelaez, Pablo"]
[Result "0-1"]
[WhiteElo "1198"]
[BlackElo "1773"]
[TimeControl "180+2"]
[EndTime "11:00:27 PDT"]
[Termination "Victoria de Ataquedefinitivo por tiempo"]

1. e4 e5 2. Nf3 Nc6 3. Bc4 Bc5 4. Nc3 d6 5. d3 Nf6 6. O-O h6 7. h3 O-O 8. a3 a6 9. Nd5 Be6 10. Re1 Bxd5 11. exd5 Ne7 12. d4 exd4 13. Nxd4 Nexd5 14. Bxd5 Nxd5 15. Nf5 Nf6 16. Qf3 Qd7 17. b4 Bb6 18.
Bb2 Kh7 19. Bxf6 gxf6 20. Qg4 Rg8 21. Qf4 Rg5 22. g4 Re8 23. Rxe8 Qxe8 0

[Event "Open Nuevo Centro. Jornada 2"]
[Site "Chess.com"]
[Date "2020.06.26"]
[Round "3"]
[White "Pardo Ruiz, Carlos"]
[Black "Segarra Martinez, Axel"]
[Result "0-1"]
[WhiteElo "1838"]
[BlackElo "2175"]
[TimeControl "180+2"]
[EndTime "11:00:28 PDT"]
[Termination "Victoria de Alejandrosky por jaque mate"]

1. e4 e6 2. d4 d5 3. exd5 exd5 4. Nf3 Bd6 5. c4 dxc4 6. Bxc4 Nf6 7. O-O O-O 8. h3 Bf5 9. Nc3 Nbd7 10. Bg5 h6 11. Bh4 Nb6 12. Bb3 c6 13. Re1 a5 14.
a3 g5 15. Bg3 Bxg3 16. fxg3 Qd6 17. Ne5 Rad8 18. Ne2 Be6 19. Bxe6 Qxe6 20. Nc3 Rfe8 21. Nf3 Qd6 22. Rxe8+ Rxe8 23. Kf2 Nbd5 24. Nxd5 Ne4+ 25. Kg1 Qxd5 26. Kh2 Rd8 27. Qc2 f5 28. Rd1 c5 29.
Nd2 Qxd4 30. Qb3+ Qd5 31. Qxd5+ Rxd5 32. Nxe4 Rxd1 33. Nxc5 b6 34. Na4 Rd6 35. h4 Kf7 36. Kg1 Ke6 37. Kf2 b5 38. Nc3 b4 39. axb4 axb4 40. Nb5 Rd2+ 41. Kf3 Rxb2 42. hxg5 hxg5 43. g4 f4 44. g3 Rb3+ 45. Kf2 Rxg3 46. Ke2 Rxg4 47. Kf3 Rg3+ 48. Kf2 b3 49. Nd4+ Kd5 50.
Nxb3 Rxb3 51. Kg2 g4 52. Kf2 Rb2+ 53. Kf1 f3 54. Ke1 g3 55. Kf1 Rb1# 0

[Event "Open Nuevo Centro. Jornada 2"]
[Site "Chess.com"]
[Date "2020.06.26"]
[Round "3"]
[White "Zamora Soler, Raul"]
[Black "Álvarez Aranda, Jesús"]
[Result "1-0"]
[WhiteElo "1770"]
[BlackElo "1343"]
[TimeControl "180+2"]
[EndTime "11:00:32 PDT"]
[Termination "Victoria de rzamora80 por abandono"]

1. e4 e5 2. Nf3 Nc6 3. d4 exd4 4. Nxd4 Nxd4 5. Qxd4 Qf6 6. Be3 Qxd4 7. Bxd4 f6 8. Bc4 Ne7 9. O-O Nc6 10. Bc3 Bb4 11. a3 Bxc3 12. Nxc3 Ne5 13. Be2 O-O 14.
f4 Nc6 15. Nd5 Nd4 16. Bc4 c6 17. Nc7+ d5 18. exd5 Rb8 19. dxc6+ Kh8 20. c3 Nxc6 21. Ne6 Bxe6 22. Bxe6 Rbd8 23. Rad1 Ne7 24. g3 Nc8 25. Kf2 Nd6 26. Kf3 Rfe8 27. f5 Nc8 28. Rxd8 Rxd8 29.
Bxc8 Rxc8 30. Rd1 h6 31. Rd7 Rb8 32. c4 a6 33. b4 h5 34. c5 Kh7 35. h3 Kh6 36. Kf4 g6 37. fxg6 Kxg6 38. Rd6 Rc8 39. g4 hxg4 40. hxg4 Rc7 41. g5 Rf7 42. gxf6 Rxf6+ 43. Ke5 Rxd6 44. Kxd6 Kf7 45. Kc7 b5 46. cxb6 Ke6 47.
b7 Kd5 48. b8=Q Kc4 49. Qb6 Kb3 50. Qxa6 Ka2 51. b5 1

[Event "Open Nuevo Centro. Jornada 2"]
[Site "Chess.com"]
[Date "2020.06.26"]
[Round "3"]
[White "Crevillen Abad, Clemente"]
[Black "Alvarez Usina, Jordi"]
[Result "1-0"]
[WhiteElo "1756"]
[BlackElo "1189"]
[TimeControl "180+2"]
[EndTime "11:00:42 PDT"]
[Termination "Victoria de Clementovich por tiempo"]

1. e4 e5 2. f4 exf4 3. Nf3 Nf6 4.
e5 Qe7 5. Qe2 Nd5 6. Nc3 Nxc3 7.
bxc3 d6 8. d4 Nc6 9. Bxf4 f6 10.
exf6 Qxe2+ 11. Bxe2 gxf6 12. O-O Bd7 13. a4 Rg8 14.
Rfe1 O-O-O 15. a5 a6 16. Bc4 Rg7 17. g3 Be7 18. Be6 Bxe6 19. Rxe6 Rdg8 20. Kf2 Kd7 21.
Rae1 Nd8 22. R6e2 f5 23. h4 Nc6 24. Ng5 Bxg5 25. Bxg5 h6 26. Bf4 b5 27. Re6 Nxa5 28.
Rxh6 Nc6 29. d5 Nd8 30. Bg5 Nf7 31. Rh5 Nxg5 32. hxg5 Rxg5 33. Rxg5 Rxg5 34. Ra1 1

[Event "Open Nuevo Centro. Jornada 2"]
[Site "Chess.com"]
[Date "2020.06.26"]
[Round "3"]
[White "Lopez Mateo, Juan Carlos"]
[Black "Campos Gambuti, Luis María"]
[Result "0-1"]
[WhiteElo "1991"]
[BlackElo "2416"]
[TimeControl "180+2"]
[EndTime "11:00:46 PDT"]
[Termination "Victoria de Tangalangafacv por abandono"]

1. e4 d5 2. Nf3 dxe4 3. Ng5 Bf5 4.
Nc3 Nf6 5. Bc4 e6 6. f3 Bc5 7. fxe4 Bxe4 8. Ngxe4 Nxe4 9. Qh5 Qd4 10. Nxe4 Qxe4+ 11. Qe2 Qxe2+ 12. Bxe2 Nd7 13. d3 O-O 14. Rf1 c6 15. Bd2 Nf6 16. O-O-O Nd5 17. Rf3 Bd6 18. c4 Ne7 19. d4 Ng6 20. g3 e5 21. dxe5 Bxe5 22. Bf1 c5 23. Rb3 b6 24. Bg2 Rad8 25. Bd5 Ne7 26. Bf3 Rd7 27. Be3 Rxd1+ 28. Kxd1 Rd8+ 29.
Ke2 g6 30. Ra3 Rd7 31. Bg2 Bxb2 32. Rb3 Be5 33. Rb1 f5 34. Bg5 Kf7 35. Bxe7 Kxe7 36. Bd5 Kf6 37. Kf3 Re7 38. Rb3 h5 39. Rd3 Bd4 40.
Ra3 g5 41. Rd3 g4+ 42. Kg2 Re2+ 0

[Event "Open Nuevo Centro. Jornada 2"]
[Site "Chess.com"]
[Date "2020.06.26"]
[Round "3"]
[White "Giaccio González, Alfredo Gustavo"]
[Black "Gimeno Higueras, Roberto"]
[Result "1-0"]
[WhiteElo "2385"]
[BlackElo "1987"]
[TimeControl "180+2"]
[EndTime "11:00:51 PDT"]
[Termination "Victoria de AGG2020 por abandono"]

1. e4 c6 2. d4 d5 3. Nc3 dxe4 4. Nxe4 Bf5 5. Ng3 Bg6 6. h4 h6 7. Nf3 Nd7 8. Bd3 Bxd3 9. Qxd3 Ngf6 10. O-O e6 11. c4 Bd6 12. Ne4 Nxe4 13. Qxe4 Nf6 14. Qe2 O-O 15. g3 c5 16. Rd1 cxd4 17. Nxd4 Qe7 18. b3 Rad8 19. Bb2 a6 20. Rd3 Qc7 21. Rad1 Bc5 22. Kg2 Rd7 23. Nf3 Rxd3 24. Rxd3 Ng4 25. Ne5 Nxf2 26. Rf3 Qa5 27. Nd7 Rd8 28. Qe5 f6 29.
Qxc5 Qxc5 30. Nxc5 Nd1 31. Rd3 Rc8 32. Rxd1 Rxc5 33.
Rd7 b5 34. Ba3 Re5 35. c5 Re2+ 36. Kf3 Rxa2 37. c6 Rxa3 38. c7 Rxb3+ 39. Kg2 Rb2+ 40. Kh3 1

[Event "Open Nuevo Centro. Jornada 2"]
[Site "Chess.com"]
[Date "2020.06.26"]
[Round "3"]
[White "Montes Molina, Ivan"]
[Black "Martínez Carvajal, Juan Francisco"]
[Result "1-0"]
[WhiteElo "1260"]
[BlackElo "1752"]
[TimeControl "180+2"]
[EndTime "11:00:58 PDT"]
[Termination "Victoria de Ivanbarad por jaque mate"]

1. e4 c5 2. d4 cxd4 3. c3 Nf6 4. e5 Nd5 5. cxd4 Nc6 6. Nf3 d6 7. Bc4 Nb6 8. Bxf7+ Kxf7 9. Ng5+ Kg8 10. e6 Qe8 11. Qf3 g6 12. d5 Ne5 13. Qe4 Bg7 14. O-O h6 15. f4 hxg5 16. fxe5 Bxe5 17. h3 Rh4 18.
Qd3 Rd4 19. Qc2 Rc4 20. Qd3 Rd4 21. Qc2 Nxd5 22. Bxg5 Bxe6 23. Nc3 Nxc3 24. Qxc3 Rc4 25. Qd3 Qc6 26. Qxg6+ Bg7 27. Bh6 Qc5+ 28. Kh1 Qe5 29. Rae1 Qxb2 30. Rxe6 Rc2 31. Rxe7 Rac8 32. Rxg7+ Qxg7 33.
Qxg7# 1

[Event "Open Nuevo Centro. Jornada 2"]
[Site "Chess.com"]
[Date "2020.06.26"]
[Round "3"]
[White "Gimenez Saiz, Jose Raul"]
[Black "Yuste Valenzuela, Alejandro"]
[Result "0-1"]
[WhiteElo "1532"]
[BlackElo "1860"]
[TimeControl "180+2"]
[EndTime "11:01:03 PDT"]
[Termination "Victoria de alejandrito290 por abandono"]

1. d4 Nf6 2. e3 g6 3. Bd3 Bg7 4. Nc3 O-O 5. h4 h5 6. f3 d6 7. Nh3 e5 8. Nf2 Nc6 9. d5 Ne7 10. e4 c6 11. Bc4 cxd5 12. Nxd5 Nexd5 13. Bxd5 Nxd5 14. Qxd5 Be6 15. Qxb7 Rb8 16. Qxa7 d5 17.
Bg5 Qc8 18. O-O Rxb2 19. Rfc1 dxe4 20. Nxe4 f5 21. Nc5 Rb5 22. Nxe6 Qxe6 23. Qe7 Qxe7 24.
Bxe7 Re8 25. Bg5 e4 26. fxe4 Bxa1 27. Rxa1 fxe4 28. a4 Ra5 29. Kf2 e3+ 30. Bxe3 Rf5+ 31. Ke2 Rfe5 32. Ra3 Ra5 33. Kd3 Kf7 34. c4 Kf6 35. c5 Kf5 36. Kc4 Raa8 37. Bg5 Rab8 38. a5 Re4+ 39. Kd3 Rg4 40. a6 Rg3+ 41. Kc2 Rxa3 0

[Event "Open Nuevo Centro. Jornada 2"]
[Site "Chess.com"]
[Date "2020.06.26"]
[Round "3"]
[White "URSARIU, NIKOLAS VICTOR"]
[Black "Reig Albero, Ferran"]
[Result "0-1"]
[WhiteElo "1060"]
[BlackElo "1797"]
[TimeControl "180+2"]
[EndTime "11:01:06 PDT"]
[Termination "Victoria de Narref por tiempo"]

1. e4 Nf6 2. Nc3 d6 3. Nf3 g6 4. d4 Bg7 5. Bc4 c6 6. Bf4 b5 7. Bb3 b4 8. Ne2 Nxe4 9. O-O O-O 10. Qd3 d5 11. Nd2 Bf5 12. Nxe4 Bxe4 13. Qd2 Qb6 14. f3 Bf5 15. a3 bxa3 16. Rxa3 Nd7 17. Ng3 Bxd4+ 18. Kh1 Be6 19. Rd1 Bxb2 20. Ra2 Bg7 21.
Be3 Qc7 22. Bf4 Be5 23. Be3 Nb6 24. f4 Bf6 25. Rda1 c5 26. Qc3 Bxc3 27. Rxa7 Rxa7 28.
Rxa7 Qxa7 29. Ne2 d4 30. Bf2 Bxb3 31. cxb3 Nd5 32. h3 d3 33. Nc1 d2 34. Ne2 d1=Q+ 35.
Kh2 Qxe2 36. Kg3 Nxf4 37. Bg1 e5 0

[Event "Open Nuevo Centro. Jornada 2"]
[Site "Chess.com"]
[Date "2020.06.26"]
[Round "3"]
[White "Rodriguez Rodriguez, Joan David "]
[Black "Marín Corresa, Arturo"]
[Result "0-1"]
[WhiteElo "1610"]
[BlackElo "2206"]
[TimeControl "180+2"]
[EndTime "11:01:09 PDT"]
[Termination "Victoria de Estivella por tiempo"]

1. d4 Nf6 2. c4 e6 3. Nc3 Bb4 4.
Qc2 c5 5. dxc5 Bxc5 6. Nf3 a6 7. Bf4 Nc6 8. a3 Be7 9. Rd1 Nh5 10. Bd6 Bxd6 11. Rxd6 Qe7 12. Rd1 f5 13. e3 O-O 14.
Be2 Nf6 15. O-O b6 16. Na4 Rb8 17. c5 bxc5 18. Nxc5 a5 19. Rd2 Bb7 20. Nxb7 Rxb7 21. Rfd1 Rfb8 22. Qc3 Rb3 23. Qc1 R3b6 24. a4 d5 25. Bb5 Nb4 26. Nd4 Ne4 27. Re2 h6 28.
f3 Nd6 29. Qd2 Rc8 30. Rc1 Rbb8 31. Nc6 Nxc6 32. Bxc6 Nc4 33. Qd4 Rxc6 34. Rec2 Rcb6 35. Rb1 Qb4 36. Kf2 Na3 37. Qxb4 Rxb4 0

[Event "Open Nuevo Centro. Jornada 2"]
[Site "Chess.com"]
[Date "2020.06.26"]
[Round "3"]
[White "Cebolla Ruiz, David"]
[Black "Valverde Caballero, Rafael"]
[Result "0-1"]
[WhiteElo "1568"]
[BlackElo "1913"]
[TimeControl "180+2"]
[EndTime "11:01:23 PDT"]
[Termination "Victoria de Eumenes por abandono"]

1. e4 c5 2. Nf3 Nc6 3. d4 cxd4 4. Nxd4 e5 5. Nb5 d6 6. N1c3 a6 7. Na3 Be6 8. Nd5 Nf6 9. Bg5 Bxd5 10. exd5 Qa5+ 11.
c3 Qxd5 12. Bxf6 Qe4+ 13. Qe2 Qxe2+ 14. Bxe2 gxf6 15. O-O-O O-O-O 16. Nc4 Kc7 17. Bh5 Rd7 18. Bg4 Rd8 19. Bh5 d5 20. Na3 Bxa3 21. bxa3 Rhf8 22. Rhe1 f5 23. Bf3 e4 24. Bh5 d4 25. cxd4 Rxd4 26. Rxd4 Nxd4 27. Rd1 Nb5 28. a4 Nc3 29. Rd2 Nxa4 30. Rc2+ Kb6 31. f3 Nc5 32. Rb2+ Kc6 33. Rc2 b6 34. fxe4 fxe4 35. Be2 a5 36. Bf1 f5 37. Kb2 Rd8 38. Bc4 Rd4 39. Bg8 Rb4+ 40. Kc1 h6 41. Bh7 f4 42. Bxe4+ Rxe4 43. g3 f3 44. Rf2 Nd3+ 45. Kd2 Nxf2 46. Kc1 Re2 47. g4 Nxg4 48. h3 f2 0

[Event "Open Nuevo Centro. Jornada 2"]
[Site "Chess.com"]
[Date "2020.06.26"]
[Round "3"]
[White "Gálvez Torres, Guillermo"]
[Black "Amorós Pérez, Manuel David"]
[Result "1-0"]
[WhiteElo "1096"]
[BlackElo "1642"]
[TimeControl "180+2"]
[EndTime "11:01:23 PDT"]
[Termination "Victoria de Bgtron por jaque mate"]

1. c4 d5 2. cxd5 Qxd5 3. Nc3 Qd8 4. g3 c6 5. Bg2 Nf6 6. e3 Nbd7 7. Nge2 Nb6 8. O-O Bg4 9. Re1 e6 10. b3 Bb4 11.
Bb2 Bxc3 12. Bxc3 Nbd5 13. Bb2 O-O 14. Qc2 Bxe2 15. Rxe2 Nb4 16. Qc4 Nd3 17. Bd4 e5 18. Qxd3 exd4 19. Qxd4 Qxd4 20. exd4 Rad8 21. Rae1 Rxd4 22.
f4 Rfd8 23. Rd1 h6 24. Kf2 Ng4+ 25. Kg1 Nf6 26. h3 a6 27. Kf1 Rd3 28. g4 Nd5 29. Bxd5 R8xd5 30. h4 R3d4 31. Rf2 Rd3 32. Ke2 b6 33.
Rf3 R3d4 34. d3 c5 35. Re3 Rxf4 36. Re8+ Kh7 37. Re4 Rxe4+ 38. dxe4 Rxd1 39. Kxd1 Kg6 40. e5 f6 41. e6 h5 42. gxh5+ Kxh5 43. e7 g5 44. e8=Q+ Kxh4 45. Qh8+ Kg3 46. Qxf6 g4 47. Qe5+ Kg2 48. Qe3 g3 49. Qe2+ Kh1 50. Qf1+ Kh2 51. Qf5 g2 52. Qh5+ Kg1 53. Qg5 Kf2 54. Qf5+ Ke3 55.
Qg4 Kf2 56. Qf4+ Kg1 57. Ke2 Kh1 58. Qh4+ Kg1 59. Qf2+ Kh2 60. Qf4+ Kh1 61. Qh4+ Kg1 62.
Kf3 Kf1 63. Qf2# 1

[Event "Open Nuevo Centro. Jornada 2"]
[Site "Chess.com"]
[Date "2020.06.26"]
[Round "3"]
[White "Lloret Ramis, Juan José"]
[Black "Remolar Gallen, Jose"]
[Result "0-1"]
[WhiteElo "1973"]
[BlackElo "2356"]
[TimeControl "180+2"]
[EndTime "11:01:27 PDT"]
[Termination "Victoria de ChessMonguer por tiempo"]

1. c4 d6 2. Nc3 Nf6 3. d4 g6 4. e4 Bg7 5. Nf3 O-O 6. Be2 e5 7.
dxe5 dxe5 8. Qxd8 Rxd8 9. Bg5 Re8 10. Nd5 Nxd5 11. cxd5 h6 12. Be3 c6 13. Bc4 b5 14.
Bb3 a5 15. a4 Ba6 16. Nd2 bxa4 17. Bxa4 Bb5 18. Bb3 a4 19. Ba2 Na6 20. Nc4 Nb4 21.
Na3 Bd3 22. dxc6 Rec8 23. Bd5 Bf8 24. Kd2 Nxd5 25. exd5 Be4 26. Nc4 Bxg2 27. Rhg1 Bxd5 28. Nb6 Bxc6 29. Nxa8 Rxa8 30. Rgc1 Bb5 31. Bc5 Rd8+ 32. Ke3 Rd3+ 33. Ke4 Bg7 34. Be3 f5+ 35. Kf3 f4 36.
Rc5 Rb3 37. Rd1 fxe3 38. fxe3 Rxb2 39. Rd8+ Kh7 0

[Event "Open Nuevo Centro. Jornada 2"]
[Site "Chess.com"]
[Date "2020.06.26"]
[Round "3"]
[White "Silva Rodriguez, Fernando"]
[Black "Gil López, Alejandro"]
[Result "0-1"]
[WhiteElo "2488"]
[BlackElo "2113"]
[TimeControl "180+2"]
[EndTime "11:02:07 PDT"]
[Termination "Victoria de AglVal0313 por tiempo"]

1. d4 e5 2. dxe5 d6 3. Nf3 Nc6 4. Bf4 Bg4 5. exd6 Qf6 6. Qc1 Bxd6 7. Bxd6 Qxd6 8. Qe3+ Nge7 9. Nbd2 O-O-O 10. O-O-O Nd5 11. Qb3 Ndb4 12. c3 Be6 13. Qa4 Na6 14. e3 Nc5 15. Qa3 Nd3+ 16. Bxd3 Qxd3 17. Rhe1 Bf5 18.
e4 Be6 19. Nb3 Qc4 20. Nbd4 Nxd4 21. Nxd4 Kb8 22. Nxe6 Qxe6 23. h3 Qg6 24. g3 Rxd1+ 25. Kxd1 Rd8+ 26. Kc2 Qf6 27. Re2 Qf3 28. Rd2 Rxd2+ 29.
Kxd2 Qxf2+ 30. Kd3 Qxg3+ 31. Kc2 Qf2+ 32. Kd3 a6 33.
Qf8+ Ka7 34. Qxg7 Qf3+ 35. Kd4 Qf2+ 36. Ke5 Qxb2 37. Qxh7 Qxc3+ 38. Kf5 Qf3+ 39. Ke5 f6+ 40. Ke6 Qf4 41. Qf5 Qh4 42. Qc5+ Kb8 43. Qf8+ Ka7 44. Qc5+ Kb8 45. Qf5 b6 46. Qg4 Qh8 47. Qf5 Qh4 48. Kf7 Ka7 49. Qg4 Qh6 0

[Event "Open Nuevo Centro. Jornada 2"]
[Site "Chess.com"]
[Date "2020.06.26"]
[Round "3"]
[White "Valero Artagoitia, Sara"]
[Black "Perrot, Fabien "]
[Result "0-1"]
[WhiteElo "533"]
[BlackElo "1001"]
[TimeControl "180+2"]
[EndTime "11:02:32 PDT"]
[Termination "Victoria de InspiredMinds por jaque mate"]

1. e4 e5 2. Nf3 Nc6 3. Nc3 Nf6 4. Bc4 Be7 5. O-O O-O 6. d3 h6 7. a3 d6 8. h3 b6 9. Be3 a6 10. Bd5 Nxd5 11. Nxd5 Be6 12. Nxe7+ Nxe7 13. b4 Rb8 14. c4 Qc8 15. c5 d5 16. Nxe5 dxe4 17. dxe4 Rd8 18. Qc2 b5 19. a4 f6 20. Nd3 Bc4 21.
Nf4 Bxf1 22. Kxf1 Nc6 23. axb5 axb5 24. Ra3 Nxb4 25. Qb3+ Kh8 26. Qc3 Nc6 27. Qb3 Ne5 28. Ne6 b4 29. Ra4 Rd3 30. Qd5 Rxd5 31. Ra3 Rd1+ 32.
Ke2 Rd7 33. Ke1 Re7 34. Kf1 Rxe6 35. f3 Qd7 36. Kf2 Nf7 37. g3 Kg8 38. g4 Qc8 39. h4 Ra8 40. h5 Rxa3 41. f4 Ra2+ 42. Bd2 Rxe4 43. Kf3 Qe6 44. Kg3 Rxd2 45. Kh4 Rh2+ 46. Kg3 Rhe2 47. Kh3 R2e3+ 48. Kh4 Re1 49. g5 Rxf4+ 50.
Kg3 Qe3+ 51. Kg2 Rf2# 0

[Event "Open Nuevo Centro. Jornada 2"]
[Site "Chess.com"]
[Date "2020.06.26"]
[Round "3"]
[White "Gracia Calvo, Andrés"]
[Black "Yatseta Fernandez, Marc Kazymyr"]
[Result "1/2-1/2"]
[WhiteElo "1815"]
[BlackElo "1457"]
[TimeControl "180+2"]
[EndTime "11:02:33 PDT"]
[Termination "Tablas por repeticiÃ³n de movimientos"]

1. d4 Nf6 2. Nf3 d5 3. Bf4 Bf5 4. e3 e6 5. Bd3 Bg6 6. Nbd2 Nc6 7. Ne5 Bxd3 8. cxd3 Bd6 9. Ndf3 O-O 10. O-O Nh5 11.
Bg3 Nxg3 12. hxg3 f6 13. Nxc6 bxc6 14. e4 Rb8 15. b3 Qd7 16. Qc2 e5 17. Rac1 Rbc8 18.
Qxc6 Qxc6 19. Rxc6 dxe4 20. dxe4 exd4 21. Nxd4 Be5 22.
Nf5 Rfe8 23. Rfc1 g6 24. Ne3 Red8 25. Nd5 Kf7 26. Kf1 Rd7 27. Ke2 f5 28. f3 Bxg3 29. Rf6+ Kg7 30. Rfc6 fxe4 31. fxe4 Rf8 32. Rf1 Rxf1 33. Kxf1 h5 34. Ke2 Rf7 35. a4 Rf2+ 36. Ke3 h4 37. Nxc7 Rxg2 38. Ne6+ Kh6 39. Kf3 Rf2+ 40. Kg4 Rb2 41. Nf8 Kg7 42. Nxg6 Rxb3 43. Nxh4 Bxh4 44. Kxh4 Rb4 45. Rc7+ Kf6 46. Kg3 Rxe4 47.
Rxa7 Ke6 48. Kf3 Rh4 49. Ke3 Kd6 50. Kd3 Kc6 51. Kc3 Kb6 52. Ra8 Rh5 53. Kb4 Kb7 54.
Rf8 Rh4+ 55. Kb5 Rh5+ 56. Kb4 Rh4+ 57. Kb5 Rh5+ 58. Kc4 Rh4+ 59. Kb3 Rh3+ 60. Kc4 Rh4+ 61. Kb3 Rh3+ 62. Kb4 Rh4+ 1/2-1

[Event "Open Nuevo Centro. Jornada 2"]
[Site "Chess.com"]
[Date "2020.06.26"]
[Round "3"]
[White "Aymerich Rosell, Pablo"]
[Black "Donate Peris, Jose Manuel"]
[Result "1-0"]
[WhiteElo "1985"]
[BlackElo "1599"]
[TimeControl "180+2"]
[EndTime "11:03:05 PDT"]
[Termination "Victoria de jasikevic por abandono"]

1. e4 e6 2. d4 d5 3. Nd2 c5 4. exd5 cxd4 5. dxe6 Bxe6 6. Ngf3 Nc6 7.
Bb5 Qb6 8. Qe2 Bc5 9. O-O Ne7 10.
Ng5 Bd5 11. Bc4 O-O 12. Qh5 h6 13. Bxd5 Nxd5 14. Nge4 Rad8 15. Nc4 Qc7 16. Nxc5 Ncb4 17. Nb3 Qxc4 18. Bxh6 Nf6 19. Qg5 Ne8 20. Qxd8 gxh6 21.
Qxd4 Qxd4 22. Nxd4 Nd6 23. c3 Nc6 24. Nxc6 bxc6 25.
Rad1 Nb5 26. a4 Nc7 27. Rd7 Ne6 28. Rxa7 Rb8 29. b4 Nf4 30. g3 Ne2+ 31. Kg2 Nxc3 32. Rc1 Nd5 33. Rxc6 Nxb4 34. Rcc7 Rf8 35. Rab7 Nd5 36.
Rd7 Nf6 37. Rd3 Ne4 38. a5 Nc5 39. Rdd7 Nxb7 40. Rxb7 Ra8 41. Rb5 Kg7 42. Kf3 Ra6 43.
Ke4 f6 44. f4 Kg6 45. g4 Kg7 46. h4 Re6+ 47. Kf5 Ra6 48. Rb7+ Kf8 49. h5 Rxa5+ 50. Kxf6 Kg8 51. Kg6 Ra6+ 52. Kf5 Kf8 53.
g5 hxg5 54. Kxg5 Kg8 55. f5 Kf8 56. f6 Kg8 57. Kg6 Ra8 58. Rg7+ Kh8 59. Rh7+ Kg8 60.
f7+ Kf8 61. Rh8+ Ke7 62. Rxa8 1

[Event "Open Nuevo Centro. Jornada 2"]
[Site "Chess.com"]
[Date "2020.06.26"]
[Round "3"]
[White "Hassomal Daswani, Birjkumar"]
[Black "Beneyto de Ramon, Guillermo"]
[Result "1/2-1/2"]
[WhiteElo "1840"]
[BlackElo "1517"]
[TimeControl "180+2"]
[EndTime "11:03:46 PDT"]
[Termination "Partida en tablas por material insuficiente"]

1. e4 Nf6 2. Nc3 e5 3. Nf3 Nc6 4. d4 exd4 5. Nd5 Nxe4 6. Qe2 f5 7. Ng5 Bb4+ 8. c3 dxc3 9. bxc3 Nd4 10. Qd3 Nxg5 11.
cxb4 Nde6 12. Qxf5 c6 13. Bxg5 Qxg5 14. Qxg5 Nxg5 15.
Nc7+ Kd8 16. Nxa8 b6 17. Bd3 Bb7 18. Nxb6 axb6 19. O-O h5 20. h4 Nf7 21. Rfe1 g5 22. Bg6 Nd6 23. Rad1 Kc7 24. hxg5 h4 25. Kh2 Rg8 26. Bd3 Rxg5 27. a3 c5 28. Re7 Rxg2+ 29. Kh3 Rxf2 30. bxc5 bxc5 31. Re3 Rf4 32. Bf1 c4 33. Rc3 Bf3 34. Rxd6 Kxd6 35. Bxc4 Bd5 36. Bb5 Rf3+ 37. Rxf3 Bxf3 38. Kxh4 Bd1 39. Kg3 Kc7 40. Kf2 d6 41. Ke1 Kb6 42. Be8 Bb3 43. Kd2 Kc5 44.
Kc3 Bc4 45. a4 d5 46. Bd7 d4+ 47. Kd2 Kb4 48. Bf5 Kxa4 49. Bg6 Kb4 50. Bf5 Kc5 51. Bg6 Kd6 52. Bh7 Ke5 53. Bg6 Bd5 54. Bh7 Be4 55. Bg8 Kf4 56. Bc4 Ke5 57. Bb5 Kd6 58. Ba6 Kc5 59. Bf1 d3 60. Bxd3 1/2-1

[Event "Open Nuevo Centro. Jornada 2"]
[Site "Chess.com"]
[Date "2020.06.26"]
[Round "3"]
[White "Ainsa Jimenez, Lucas"]
[Black "Valero Martinez, Óscar"]
[Result "0-1"]
[WhiteElo "852"]
[BlackElo "865"]
[TimeControl "180+2"]
[EndTime "11:04:25 PDT"]
[Termination "Victoria de Oscar12000 por tiempo"]

1. e4 e5 2. Nf3 Nc6 3. Bc4 Nf6 4. Ng5 Qe7 5. Nc3 h6 6. Nf3 Qd8 7. O-O d6 8. d3 Bg4 9. h3 Bh5 10. g4 Bxg4 11. hxg4 Nxg4 12. Kg2 Nb4 13. Kg3 h5 14. Rh1 Be7 15. Nh2 Qd7 16. Nxg4 h4+ 17. Kf3 d5 18. exd5 Qf5+ 19. Ke3 Bg5+ 20. Ke2 Qxg4+ 21. Ke1 Qg2 22. Bxg5 Qxh1+ 23. Kd2 Qg2 24. Be3 O-O-O 25. a3 Na6 26. Bxa6 bxa6 27. Bxa7 Qg5+ 28. Ke1 Qg1+ 29. Ke2 Qg4+ 30.
Kd2 Qg5+ 31. Be3 Qf5 32. Na4 a5 33. Nc5 e4 34. dxe4 Qe5 35. Kc1 Rde8 36. Kb1 Rh5 37. Nb3 h3 38. Bd4 h2 39. Bxe5 h1=Q 40. Qxh1 Rxh1+ 41. Ka2 Rxe5 42. Rxh1 g6 43. Nxa5 Kd7 44. Rh7 Rxe4 45.
b3 Re2 46. Kb2 Rxf2 47. Rxf7+ Rxf7 48. Nc4 Rf2 49. a4 c6 50. dxc6+ Kxc6 51. a5 Kb7 52.
Kc3 g5 53. Kb4 g4 54. c3 g3 55. Kb5 g2 56. a6+ Ka7 57. Nd6 g1=Q 58. Nc8+ Kb8 59.
Nb6 Rf5+ 60. Kb4 Qg4+ 61. Ka3 Ra5+ 62. Na4 Ka7 63. b4 Rxa6 64. Kb3 Qe6+ 65. c4 Qe3+ 66. Nc3 Qe6 67. Na4 Rc6 68. Nc5 Qe3+ 69. Ka4 Qe8 70.
Kb3 Rh6 71. b5 Rh3+ 0